 Seeded DCSS version 0.27-a0-1219-g958d993ae5 (webtiles) character file.

Game seed: 49 (custom seed)

734 Snicker the Cutter (level 7, -3/52 HPs)
             Began as a Demonspawn Brigand on June 7, 2021.
             Slain by a killer bee (5 damage)
             ... on level 4 of the Dungeon.
             The game lasted 00:08:08 (4125 turns).

Snicker the Cutter (Demonspawn Brigand)             Turns: 4125, Time: 00:08:09

Health: -3/52      AC:  6    Str: 11    XL:     7   Next: 45%
Magic:  7/7        EV: 10    Int: 12    God:
Gold:   165        SH:  8    Dex: 19    Spells: 6/6 levels left

rFire    . . .     SeeInvis .   f - +6 rapier "Demonspawn's Doom" {flame, Dex+2}
rCold    . . .     Faith    .   (no shield)
rNeg     . . .     Spirit   .   j - +0 ring mail
rPois    .         Reflect  .   (no helmet)
rElec    .         Harm     .   c - +0 cloak
rCorr    .         Rampage  .   (no gloves)
Will     .....                  (no boots)
Stlth    +++.......             (no amulet)
HPRegen  0.17/turn              (no ring)
MPRegen  0.10/turn              (no ring)

@: about to teleport
A: hooves 1, large bone plates 3, powered by death 1
a: no special abilities


You were on level 4 of the Dungeon.
You visited 1 branch of the dungeon, and saw 5 of its levels.

You collected 165 gold pieces.

Inventory:

Hand Weapons
 a - a +2 dagger
 f - the +6 rapier "Demonspawn's Doom" (weapon) {flame, Dex+2}
   (You acquired it on level 2 of the Dungeon)

   It has been specially enchanted to burn those struck by it, causing extra
   injury to most foes and up to half again as much damage against particularly
   susceptible opponents.
   It affects your dexterity (+2).
Missiles
 d - 8 poisoned darts
 e - a curare-tipped dart (quivered)
Armour
 b - a +0 robe
 c - a +0 cloak (worn)
 j - a +0 ring mail (worn)
Jewellery
 r - a ring of resist corrosion
Wands
 n - a wand of iceblast (7)
 q - a wand of flame (15)
Scrolls
 g - 2 scrolls of enchant armour {unknown}
 h - 6 scrolls of identify {unknown}
 k - a scroll of teleportation
 o - a scroll of vulnerability {unknown}
 p - 2 scrolls of magic mapping {unknown}
Potions
 i - a potion of brilliance {unknown}
 m - a potion of attraction {unknown}


   Skills:
 + Level 3.4 Fighting
 * Level 5.7 Short Blades
 + Level 2.0 Throwing
 + Level 1.9 Armour
 + Level 1.3 Dodging
 * Level 5.1 Stealth
 + Level 0.5 Shields
 + Level 0.1 Evocations


You had 6 spell levels left.
You didn't know any spells.
Your spell library was empty.

Dungeon Overview and Level Annotations

Branches:
Dungeon (5/15)
 Temple: D:4-7

Altars:
Makhleb
Qazlal
Zin


Innate Abilities, Weirdness & Mutations

You have large cloven feet.
You are completely covered in large bone plates. (SH +8)
You regenerate a little health from kills.


Message History

You block the killer bee's attack. The killer bee stings you.
The hound bites you but does no damage. The killer bee barely misses you.
You hit the killer bee. You burn the killer bee.
The killer bee is moderately wounded.
You feel sick. The killer bee stings you.
* * * LOW HITPOINT WARNING * * *
You are lethally poisoned!
The killer bee poisons you! The killer bee closely misses you.
You block the hound's attack. The killer bee stings you.
* * * LOW HITPOINT WARNING * * *
You are more poisoned.
The killer bee poisons you! You block the killer bee's attack.
You feel better. The killer bee stings you.
* * * LOW HITPOINT WARNING * * *
You block the hound's attack.
The killer bee stings you but does no damage. x2
The hound closely misses you. The killer bee misses you.
Unknown command.
You miss the killer bee. Your kick misses the killer bee.
The killer bee is moderately wounded.
The killer bee completely misses you. The killer bee closely misses you.
The hound closely misses you. The killer bee barely misses you.
The killer bee stings you.
* * * LOW HITPOINT WARNING * * *
Unknown command.
You miss the killer bee. Your kick misses the killer bee.
The killer bee is moderately wounded.
The killer bee stings you.
* * * LOW HITPOINT WARNING * * *
You block the hound's attack. You block the killer bee's attack.
The killer bee stings you.
* * * LOW HITPOINT WARNING * * *
You block the hound's attack.
Okay, then.
Unknown command.
Unknown command.
As you read the scroll labelled MIKKUN KUBOQ, it crumbles to dust.
You feel strangely unstable.
It was a scroll of teleportation.
The killer bee stings you.
You die...

...####.####).# ###########.# #.
...#..........## #...#...##.)# #.
...#.##.#####..###.>.#...##..###.
...#.##..........#...#...##......
..##.#########.#.'#######'#.####.
####.# #.......# #..#......
####.# #[#hy#### ##.#######
.....# #.##y#########........
###### #.##h@y......#..#####.
#.##########.#..#...#. #.#
#.#..#.#.#. #.# #.#..#.#.#. #.#
#.#....#.#. #.# #.##.###.#. #.#
#.##[....#. #.# #.########. #.#
#..........


You could see 2 hounds and 3 killer bees.

Vanquished Creatures
  Grinder (D:4)
  A centaur (D:4)
  2 water moccasin skeletons
  2 killer bees (D:4)
  A howler monkey (D:4)
  A jelly (D:4)
  An orc priest (D:3)
  An iguana (D:4)
  Ijyb (D:4)
  Terence (D:2)
  A howler monkey skeleton (D:4)
  2 adders (D:2)
  3 worms
  A dart slug (D:4)
  5 orcs
  3 ball pythons
  9 bats
  8 endoplasms
  2 giant cockroaches
  7 goblins
  3 hobgoblins
  5 kobolds
  4 quokkas
  6 rats
71 creatures vanquished.

Notes
Turn   | Place    | Note
-------+----------+-------------------------------------------
     0 | D:1      | Snicker the Demonspawn Brigand began the quest for the Orb.
     0 | D:1      | Reached XP level 1. HP: 16/16 MP: 1/1
   157 | D:1      | Gained mutation: You are partially covered in large bone
                  | plates. (SH +4) [demonic ancestry]
   157 | D:1      | Reached XP level 2. HP: 22/22 MP: 2/2
   731 | D:2      | HP: 1/22 [poisoned by an adder]
   732 | D:2      | Gained mutation: You have large cloven feet. [demonic
                  | ancestry]
   732 | D:2      | Reached XP level 3. HP: 2/27 MP: 3/3
   954 | D:2      | Found a faded altar of an unknown god.
   996 | D:2      | Identified a scroll of acquirement
   996 | D:2      | Acquired the +6 rapier "Demonspawn's Doom" {flame, Dex+2}
  1698 | D:2      | Noticed Terence
  1714 | D:2      | Killed Terence
  1715 | D:2      | Reached XP level 4. HP: 22/34 MP: 4/4
  2332 | D:3      | Found a stormy altar of Qazlal.
  2416 | D:3      | Reached skill level 1 in Dodging
  2416 | D:3      | Gained mutation: You are mostly covered in large bone
                  | plates. (SH +6) [demonic ancestry]
  2416 | D:3      | Reached XP level 5. HP: 33/39 MP: 5/5
  2599 | D:3      | Found a burning altar of Makhleb.
  2927 | D:4      | Gained mutation: You regenerate a little health from kills.
                  | [demonic ancestry]
  2927 | D:4      | Reached XP level 6. HP: 30/46 MP: 6/6
  2971 | D:4      | Reached skill level 1 in Armour
  3242 | D:4      | Noticed Ijyb
  3246 | D:4      | Killed Ijyb
  3517 | D:4      | Noticed Grinder
  3526 | D:4      | Reached skill level 5 in Short Blades
  3529 | D:4      | Killed Grinder
  3530 | D:4      | Reached skill level 5 in Stealth
  3530 | D:4      | Gained mutation: You are completely covered in large bone
                  | plates. (SH +8) [demonic ancestry]
  3530 | D:4      | Reached XP level 7. HP: 30/52 MP: 7/7
  3844 | D:5      | Entered Level 5 of the Dungeon
  4124 | D:4      | HP: 2/52 [killer bee (5)]
  4125 | D:4      | Slain by a killer bee

Illustrated notes

Levels and vault maps discovered:
D:1:      sevenhm_arrival_forest_fort_small_4, layout_loops_ring
D:2:      layout_basic, shapermc_ecumenical_altar_gd, serial_bayou_pond_e,
          uniq_terence
D:3:      layout_loops_ring, nicolae_qazlal_eye_of_the_storm,
          lightli_temple_of_fire
D:4:      layout_basic, lemuel_crystal_altar,
          nicolae_ossuary_entry_false_entrances, uniq_ijyb, uniq_grinder
D:5:      layout_loops_ring

Skill      XL: |  1  2  3  4  5  6 |
---------------+-------------------+-----
Stealth        | 4 5 |  5.1
Short Blades   | 2 3 4 5 |  5.7
Throwing       | 2 |  2.0
Dodging        | 1 |  1.3
Armour         | 1 |  1.9
Fighting       | 3 |  3.4
Shields        | |  0.5
Evocations     | |  0.1

Action                   |  1- 3 |  4- 6 |  7- 9 || total
-------------------------+-------+-------+-------++-------
Melee: Dagger            |    57 |       |       ||    57
       Rapier            |    26 |    65 |    12 ||   103
       Kick              |     9 |    14 |     2 ||    25
Throw: Dart              |     2 |       |       ||     2
Evoke: Wand              |       |     4 |       ||     4
  Use: Potion            |     1 |       |     2 ||     3
       Scroll            |     1 |       |     1 ||     2
 Stab: Sleeping          |     7 |     4 |       ||    11
Armor: Robe              |    21 |       |       ||    21
       Ring mail         |    10 |    10 |    11 ||    31
Dodge: Dodged            |    53 |    19 |    19 ||    91
Block: Other             |    15 |    11 |    14 ||    40

Table legend: (Time is in decaauts)
 A = Elapsed time spent in this place.
 B = Non-inter-level travel time spent in this place.
 C = Inter-level travel time spent in this place.
 D = Time resting spent in this place.
 E = Time spent auto-exploring this place.
 F = Levels seen in this place.
 G = Mean time per level.
                   A        B        C        D        E       F      G
               +--------+--------+--------+--------+--------+-----+--------+
         Total |   4130 |   3891 |    239 |    771 |   2551 |   5 |  826.0 |
       Dungeon |   4130 |   3891 |    239 |    771 |   2551 |   5 |  826.0 |
               +--------+--------+--------+--------+--------+-----+--------+

Top non-repeatable levels by time:
     D:4: 1409 daAuts
     D:2: 1179 daAuts
     D:1: 802 daAuts
     D:3: 731 daAuts
     D:5: 7 daAuts
